 Dungeon Crawl Stone Soup version 0.15.2 (webtiles) character file.

1618 magipi the Cleaver (level 8, -1/63 HPs)
             Began as a Hill Orc Gladiator on May 30, 2016.
             Was a Follower of Nemelex Xobeh.
             Slain by an orc warrior
             ... wielding a +0 scimitar
              (8 damage)
             ... on Level 6 of the Dungeon.
             The game lasted 00:31:41 (6022 turns).

magipi the Cleaver (Hill Orc Gladiator)             Turns: 6022, Time: 00:31:41

HP  -1/63        AC 13     Str 18      XL: 8   Next: 96%
MP  10/10        EV  5     Int  8      God: Nemelex Xobeh [*.....]
Gold 232         SH  0     Dex 13      Spells:  0 memorised,  7 levels left

rFire  . . .     SeeInvis .     a - +0 war axe
rCold  . . .     Clarity  .     k - +0 plate armour
rNeg   + . .     rCorr    .     (no shield)
rPois  .         rRot     .     c - +0 helmet
rElec  .         Spirit   .     G - +0 cloak
SustAb .         Warding  .     (no gloves)
rMut   .         Stasis   .     (no boots)
Gourm  .                        (no amulet)
MR     .....                    s - ring of positive energy
                                D - ring of wizardry

@: drained, not resistant to hostile enchantments, extremely unstealthy
A: no striking features
a: Draw One, Renounce Religion


You were on level 6 of the Dungeon.
You worshipped Nemelex Xobeh.
Nemelex Xobeh was aware of your devotion.
You were hungry.

You visited 2 branches of the dungeon, and saw 8 of its levels.

You collected 352 gold pieces.
You spent 120 gold pieces at shops.

Inventory:

Hand weapons
 a - a +0 war axe (weapon)
 N - a +1 morningstar of freezing
Missiles
 g - 4 curare-tipped needles
 j - 5 tomahawks (quivered)
 p - 7 poisoned needles
Armour
 c - a +0 helmet (worn)
 k - a +0 plate armour (worn)
 G - a +0 cloak (worn)
Magical devices
 l - a wand of magic darts (6)
 B - a wand of slowing (7)
Comestibles
 f - 2 meat rations
 h - a beef jerky
 r - 5 bread rations
 u - 4 fruits
 L - a rotting chunk of quokka flesh
Scrolls
 b - 4 scrolls of noise {unknown}
 e - 4 scrolls of remove curse
 q - 2 scrolls of blinking {unknown}
 v - 2 scrolls of immolation
 w - 3 scrolls of amnesia {unknown}
 x - a scroll of magic mapping {unknown}
 y - a scroll of enchant weapon {unknown}
 z - 2 scrolls of enchant armour {unknown}
 C - a scroll of acquirement {unknown}
 H - a scroll of fear {unknown}
 I - a scroll of identify
Jewellery
 s - a ring of positive energy (right hand)
 D - a ring of wizardry (left hand)
Potions
 i - 4 potions of curing
 m - a potion of lignification
 o - a potion of restore abilities {unknown}
 A - a potion of beneficial mutation {unknown}
 E - a potion of magic {unknown}
 F - a potion of resistance {unknown}
 J - a potion of cancellation {unknown}
 K - a potion of poison {unknown}
 M - a potion of berserk rage {unknown}
Miscellaneous
 t - a plain deck of war


   Skills:
 + Level 3.5(3.4) Fighting
 - Level 13.1(12.9) Axes
 - Level 3.0(2.9) Throwing
 + Level 2.2(2.1) Armour
 - Level 2.4(2.3) Dodging
 + Level 2.1(2.0) Evocations


You had 7 spell levels left.
You didn't know any spells.

Dungeon Overview and Level Annotations

Branches:
Dungeon (7/15)             Temple (1/1) D:7

Altars:
Ashenzari
Cheibriados
Dithmenos
Elyvilon
Fedhas
Kikubaaqudgha
Makhleb
Nemelex Xobeh
Okawaru
Qazlal
Sif Muna
Trog
Vehumet
Xom
Yredelemnul
Zin
The Shining One

Shops:
D:4 *

Annotations:
D:3 Fuchur's ghost, average TrMo

Vault maps used:
D:1:      dpeg_arrival_more_subterranean_lakeside_camping, serial_glass,
          glass_columns_b, glass_columns_a, glass_columns_b, glass_columns_b,
          glass_columns_a, glass_columns_a, glass_columns_b, glass_columns_b,
          glass_columns_a, glass_columns_b, glass_columns_b, glass_columns_a,
          glass_columns_c, glass_columns_a
D:3:      evilmike_ruin_ashenzari
D:4:      first_bread, serial_shops, nicolae_shop_trees
D:5:      serial_park_square1, uniq_iyjb, uniq_edmund
D:6:      lemuel_coloured_pillars_altar, minmay_misc_feat_x
D:7:      minmay_temple_entry_large_hall, led_sif_pool, uniq_joseph
Temple:   nicolae_temple_the_god_donut


Message History

You closely miss the wight. The wight hits you but does no damage.
You slash the wight!
The wight is heavily damaged.
The wight hits you with a great sword! You partially resist.
You feel drained. The wight hits you but does no damage.
Your plate armour prevents you from hitting the wight.
The wight is heavily damaged.
You barely miss the wight.
The wight is heavily damaged.
The wight hits you but does no damage. The wight hits you with a great sword!
You partially resist.
You feel drained.
You hit the wight but do no damage.
The wight is heavily damaged.
The wight barely misses you. The wight hits you with a great sword!
You hit the wight.
The wight is heavily damaged.
The wight hits you but does no damage.
You hit the wight but do no damage.
The wight is heavily damaged.
The wight barely misses you. The wight hits you but does no damage.
You slice the wight!!
You destroy the wight!
Your Armour skill increases to level 2!
Your Evocations skill increases to level 2!
The wight hits you but does no damage.
Things that are here:
a mace; a robe
There is a stone staircase leading up here.
You climb upwards.
The orc warrior shouts!
The orc shouts!
The orc warrior hits you with a scimitar!!
* * * LOW HITPOINT WARNING * * *
There is a stone staircase leading down, spattered with blood here.
The orc shouts! x2
The orc hits you with a hand axe.
* * * LOW HITPOINT WARNING * * *
You see here a potion of confusion.
A worker ant comes into view.
The worker ant twitches its antennae in your direction.
Read which item? (? for menu, Esc to quit)
As you read the scroll of teleportation, it crumbles to dust.
You feel strangely unstable.
The orc warrior hits you with a scimitar!
* * * LOW HITPOINT WARNING * * *
Found a slimy silvery potion.
Read which item? (? for menu, Esc to quit)
Okay, then.
Unknown command.
Drink which item? (? for menu, Esc to quit)
You feel much better.
The orc warrior hits you with a scimitar!
Unknown command.
Your surroundings suddenly seem different.
Unknown command.
The worker ant twitches its antennae in your direction.
The orc warrior shouts!
Unknown command.
The worker ant waves its antennae.
You slash the worker ant!
The worker ant is moderately wounded.
The worker ant bites you but does no damage.
You hit the worker ant but do no damage.
The worker ant is moderately wounded.
The worker ant bites you but does no damage.
You slash the worker ant!
You kill the worker ant!
You see here a worker ant corpse.
You are feeling hungry.
The kobold shouts!
The kobold throws a stone.
The stone closely misses you.
You see here a stone.
The kobold throws a stone.
The stone hits you but does no damage.
You see here a stone.
There is a stone staircase leading down here.
You see here a robe.
The hobgoblin shouts!
The orc shouts!
The orc shouts!
The orc barely misses you.
You hit the orc.
The orc is moderately wounded.
The orc warrior hits you with a scimitar.
The orc hits you with a club.
You slash the orc!
You kill the orc!
You see here a club.
The orc hits you.
Your plate armour prevents you from hitting the orc.
The orc warrior hits you with a scimitar!
The orc barely misses you.
You closely miss the orc.
The orc warrior hits you with a scimitar!
* * * LOW HITPOINT WARNING * * *
Your plate armour prevents you from hitting the orc.
The orc hits you but does no damage.
Unknown command.
You closely miss the orc.
The orc warrior hits you with a scimitar!
You die...
Your body disappears without a glow.

.##...####.######......##
#...
..............K[.......#
##.B..
###........#####.......#
#...##
#######..######......#
#.#### #....K.gB..>(..#
#..... ##K##########..#
#####. #.# #(.# #.
#.##########..# ##
#...gKo@o.....##########
############............
#############


You could see an orc warrior, an orc, a hobgoblin and a kobold.

Table legend:
 A = Kills in this place as a percentage of kills in entire the game.
 B = Kills by you in this place as a percentage of kills by you in the entire game.
 C = Kills by friends in this place as a percentage of kills by friends in the entire game.
 D = Other kills in this place as a percentage of other kills in the entire game.
 E = Experience gained in this place as a percentage of experience gained in the entire game.
 F = Experience gained in this place divided by the number of levels of this place that you have seen.
                   A       B       C       D       E      F
               +-------+-------+-------+-------+-------+----------------------
         Total | 100.0 | 100.0 |  -nan |  -nan | 100.0 | 289.0
       Dungeon | 100.0 | 100.0 |  -nan |  -nan | 100.0 | 330.3
               +-------+-------+-------+-------+-------+----------------------

Vanquished Creatures
  Joseph (D:7)
  Edmund (D:5)
  A sky beast (D:6)
  A phantom (D:7)
  5 scorpions
  2 wights (D:7)
  A crimson imp (D:5)
  A hound (D:6)
  A centaur skeleton (D:4)
  4 iguanas
  4 orc wizards
  5 worker ants
  Ijyb (D:5)
  6 adders
  4 shadow imps
  3 worms
  An adder skeleton (D:4)
  A giant gecko (D:4)
  18 orcs
  2 ball pythons
  4 giant cockroaches
  20 goblins
  9 hobgoblins
  5 jackals
  An ooze (D:4)
  14 bats
  8 giant newts
  2 hobgoblin zombies (D:5)
  11 kobolds
  3 quokkas
  12 rats
  6 ballistomycetes (D:6)
158 creatures vanquished.

Vanquished Creatures (others)
  A giant spore (D:6)
1 creature vanquished.

Grand Total: 159 creatures vanquished

Notes
Turn   | Place    | Note
--------------------------------------------------------------
     0 | D:1      | magipi, the Hill Orc Gladiator, began the quest for the Orb.
     0 | D:1      | Reached XP level 1. HP: 18/18 MP: 1/1
   235 | D:1      | Reached XP level 2. HP: 20/25 MP: 2/2
   836 | D:2      | Reached XP level 3. HP: 30/30 MP: 3/3
  1145 | D:3      | Reached skill level 5 in Axes
  1169 | D:3      | Found a shattered altar of Ashenzari.
  1208 | D:3      | Reached XP level 4. HP: 14/37 MP: 4/4
  1506 | D:3      | Reached skill level 6 in Axes
  1571 | D:3      | Noticed Fuchur's ghost (average TrMo)
  1619 | D:4      | Reached skill level 7 in Axes
  1619 | D:4      | Reached XP level 5. HP: 21/42 MP: 5/5
  2101 | D:4      | Reached skill level 8 in Axes
  2101 | D:4      | Reached XP level 6. HP: 29/50 MP: 6/6
  2395 | D:4      | Noticed an ogre
  2420 | D:5      | Entered Level 5 of the Dungeon
  2477 | D:5      | Reached skill level 9 in Axes
  2755 | D:5      | Reached XP level 7. HP: 33/56 MP: 7/7
  2822 | D:4      | Found Zeunamuc's Assorted Antiques.
  2826 | D:4      | Bought a scroll labeled MILEJA WEUH for 21 gold pieces
  2826 | D:4      | Bought a scroll labeled FRERRUFUOV for 21 gold pieces
  2826 | D:4      | Bought a scroll labeled CEQEFR EMUG for 21 gold pieces
  2826 | D:4      | Bought a scroll labeled NIGAGAM BLAU for 21 gold pieces
  2826 | D:4      | Bought a blue potion for 18 gold pieces
  2826 | D:4      | Bought a slimy black potion for 18 gold pieces
  2837 | D:4      | Noticed an ogre
  2925 | D:5      | Noticed Ijyb
  2937 | D:5      | Killed Ijyb
  3134 | D:5      | Reached skill level 10 in Axes
  4380 | D:5      | Noticed Edmund
  4404 | D:5      | Killed Edmund
  4404 | D:5      | Reached skill level 11 in Axes
  4712 | D:6      | Found a shadowy altar of Dithmenos.
  4828 | D:6      | Reached XP level 8. HP: 62/62 MP: 8/8
  5079 | D:7      | Found a staircase to the Ecumenical Temple.
  5082 | D:7      | Noticed Joseph
  5108 | D:7      | HP: 3/62 [Joseph/uncursed quarterstaff (15)]
  5113 | D:7      | Killed Joseph
  5113 | D:7      | Reached skill level 12 in Axes
  5140 | Temple   | Entered the Ecumenical Temple
  5184 | Temple   | Became a worshipper of Nemelex Xobeh the Trickster
  5190 | Temple   | Received a gift from Nemelex Xobeh
  5639 | D:7      | Reached skill level 13 in Axes
  5709 | D:7      | Acquired Nemelex Xobeh's first power
  5801 | D:7      | Reached skill level 1 in Armour
  5801 | D:7      | Reached skill level 1 in Evocations
  6022 | D:6      | Slain by an orc warrior

Action                   |  1- 3 |  4- 6 |  7- 9 || total
-------------------------+-------+-------+-------++-------
Melee: War axe           |   149 |   199 |   284 ||   632
Throw: Throwing net      |     3 |     3 |     3 ||     9
Evoke: Wand              |       |       |     1 ||     1
  Use: Scroll            |       |       |    11 ||    11
       Potion            |       |       |     3 ||     3
 Stab: Held in net/web   |     1 |     2 |     4 ||     7
  Eat: Chunk             |     1 |     5 |     6 ||    12
       Beef jerky        |       |       |     2 ||     2
       Pizza             |       |       |     1 ||     1

Action                   |  1- 3 |  4- 6 |  7- 9 || total
-------------------------+-------+-------+-------++-------
Melee: War axe           |   149 |   199 |   284 ||   632
Throw: Throwing net      |     3 |     3 |     3 ||     9
Evoke: Wand              |       |       |     1 ||     1
  Use: Scroll            |       |       |    11 ||    11
       Potion            |       |       |     3 ||     3
 Stab: Held in net/web   |     1 |     2 |     4 ||     7
  Eat: Chunk             |     1 |     5 |     6 ||    12
       Beef jerky        |       |       |     2 ||     2
       Pizza             |       |       |     1 ||     1

Action                   |  1- 3 |  4- 6 |  7- 9 || total
-------------------------+-------+-------+-------++-------
Melee: War axe           |   149 |   199 |   284 ||   632
Throw: Throwing net      |     3 |     3 |     3 ||     9
Evoke: Wand              |       |       |     1 ||     1
  Use: Scroll            |       |       |    11 ||    11
       Potion            |       |       |     3 ||     3
 Stab: Held in net/web   |     1 |     2 |     4 ||     7
  Eat: Chunk             |     1 |     5 |     6 ||    12
       Beef jerky        |       |       |     2 ||     2
       Pizza             |       |       |     1 ||     1
